 Dungeon Crawl Stone Soup version 0.30-a0-557-ge2afbf3030 (webtiles) character file.

Game seed: 2169301177983788260

10760 Newt the Skirmisher (level 11, -18/68 HPs)
             Began as a Kobold Hunter on Dec 27, 2022.
             Was a Follower of Yredelemnul.
             Demolished by a titanic slime creature (64 damage)
             ... on level 13 of the Dungeon.
             The game lasted 00:14:57 (10272 turns).

Newt the Skirmisher (Kobold Hunter)                Turns: 10272, Time: 00:14:57

Health: -18/68     AC: 18    Str: 16    XL:     11   Next: 98%
Magic:  15/15      EV: 23    Int: 10    God:    Yredelemnul [*.....]
Gold:   776        SH:  0    Dex: 22    Spells: 10/10 levels left

rFire   + . .      SeeInvis .    Q - +3 triple crossbow (freeze)
rCold   . . .      Faith    .    (shield currently unavailable)
rNeg    . . .      Spirit   .    G - +1 steam dragon scales
rPois   .          Reflect  .    (no helmet)
rElec   .          Harm     .    E - +4 cloak "Woodiys" {Contam rF+ Stlth+}
rCorr   .          Rampage  .    h - +0 pair of gloves
Will    .....                    q - +0 pair of boots
Stlth   ++++++                   w - amulet of regeneration
HPRegen 1.11/turn                M - +6 ring of strength
MPRegen 0.14/turn                v - +4 ring of protection

@: no status effects
A: small, no large weapons, nightstalker 3
a: Renounce Religion, Recall Undead Harvest


You were on level 13 of the Dungeon.
You worshipped Yredelemnul.
Yredelemnul was noncommittal.
You visited 1 branch of the dungeon, and saw 12 of its levels.

You collected 776 gold pieces.

Inventory:

Hand Weapons
 a - a +0 shortbow of draining
 k - a +0 sling
 Q - a +3 triple crossbow of freezing (weapon)
Missiles
 s - 3 datura-tipped darts
 z - 26 poisoned darts
Armour
 c - a +0 leather armour
 h - a +0 pair of gloves (worn)
 q - a +0 pair of boots (worn)
 y - a +1 robe of cold resistance
 E - the +4 cloak "Woodiys" (worn) {Contam rF+ Stlth+}
   (You found it on level 6 of the Dungeon)

   rF:        It protects you from fire.
   Contam:    It causes magical contamination when unequipped.
   Stlth:     It makes you more stealthy.
 G - +1 steam dragon scales (worn)
 K - a +2 leather armour of cold resistance
Jewellery
 d - a ring of protection from fire
 f - an amulet of faith
 j - a ring of positive energy
 o - a ring of positive energy
 v - a +4 ring of protection (right hand)
 w - an amulet of regeneration (around neck)
 B - a ring of willpower
 M - a +6 ring of strength (left hand)
 N - a ring of positive energy
 P - a +4 ring of protection
Wands
 l - a wand of iceblast (4)
 t - a wand of flame (22)
 C - a wand of paralysis (21)
Scrolls
 b - a scroll of immolation
 m - 3 scrolls of magic mapping
 n - 4 scrolls of teleportation
 D - a scroll of torment
 I - 3 scrolls of vulnerability
Potions
 e - 3 potions of ambrosia
 g - a potion of magic
 i - 8 potions of curing
 p - a potion of resistance
 r - 2 potions of might
 u - 2 potions of haste
 A - 3 potions of flight {unknown}
 F - a potion of lignification
 H - 2 potions of brilliance
 J - 2 potions of attraction
 L - 2 potions of degeneration {unknown}
 O - a potion of cancellation {unknown}


   Skills:
 - Level 8.0 Fighting
 - Level 14.0 Ranged Weapons
 - Level 4.0 Armour
 + Level 10.6 Dodging
 - Level 8.0 Stealth
 - Level 6.0 Invocations
 - Level 5.0 Evocations


You had 10 spell levels left.
You didn't know any spells.
Your spell library contained the following spells:

 Spells                   Type           Power      Damage    Failure   Level
 Sandblast                Erth           0%         2d4       36%         1
 Summon Small Mammal      Summ           0%         N/A       36%         1
 Blink                    Tloc           0%         N/A       50%         2
 Call Canine Familiar     Summ           0%         N/A       75%         3
 Summon Guardian Golem    Hex/Summ       0%         N/A       75%         3
 Airstrike                Air            0%         2d(0-16)  98%         4
 Manifold Assault         Tloc           0%         N/A       98%         4
 Summon Lightning Spire   Summ/Air       0%         N/A       98%         4
 Lightning Bolt           Conj/Air       0%         1d11      100%        5
 Storm Form               Tmut/Air       0%         N/A       100%        7


Dungeon Overview and Level Annotations

Branches:
Dungeon (11/15)            Temple (0/1) D:4             Orc (0/2) D:9
   Lair: D:8-11

Altars:
Uskayaw
Yredelemnul

Shops:
D:4 :

Annotations:
D:10 sammy202020's ghost, journeyman DsBe


Innate Abilities, Weirdness & Mutations

You are small and have problems with some larger weapons.
You are completely attuned to the shadows.


Message History

Two slime creatures merge to form a large slime creature.
You shoot a bolt.
The bolt hits the large slime creature!!
The bolt freezes the large slime creature!
The large slime creature is severely wounded.
The large slime creature completely misses you.
Two slime creatures merge to form a very large slime creature.
You shoot a bolt.
The bolt barely misses the very large slime creature.
The bolt hits the slime creature.
The bolt freezes the slime creature.
The slime creature is lightly wounded.
You shoot a bolt.
The bolt completely misses the very large slime creature.
The bolt hits the slime creature!
The bolt freezes the slime creature!
The slime creature is moderately wounded.
Two slime creatures merge to form an enormous slime creature.
You shoot a bolt.
The bolt hits the enormous slime creature!
The bolt freezes the enormous slime creature.
The enormous slime creature is heavily wounded.
The enormous slime creature hits you!!
Two slime creatures merge to form a titanic slime creature.
You shoot a bolt.
The bolt hits the titanic slime creature!!
The bolt freezes the titanic slime creature!
The titanic slime creature is heavily wounded.
You shoot a bolt.
The bolt hits the titanic slime creature!!
The bolt freezes the titanic slime creature!
The titanic slime creature is heavily wounded.
The titanic slime creature hits you!
The titanic slime creature closely misses you.
You shoot a bolt.
The bolt hits the titanic slime creature!!!
The bolt freezes the titanic slime creature!
The titanic slime creature is severely wounded.
The titanic slime creature hits you!!!
Ouch! That really hurt!
You die...
Your body rises from the dead as a mindless zombie.

#.########.##. .. #.#
#....##.. #.# #.#... #.#
#.#... #.# #..... #.#
#########.#... ###########.#
#.........#...
#........##J###........>#.##
#........##@##.........##.#
#......)...Z.'............#
#............#....#########
#............#....#
#............#....#
#........#####....#
#........# #....# #........#
###### ##########


You could see a titanic slime creature (ally target) and a friendly spectral
efreet.

Vanquished Creatures
  A centaur warrior (D:10)
  Joseph (D:8)
  A gargoyle (D:13)
  Maggie (D:7)
  An efreet (D:13)
  A troll (D:10)
  A hornet (shapeshifter) (D:13)
  Prince Ribbit (D:7)
  A slime creature (D:13)
  Sigmund (D:6)
  4 yaks (D:10)
  2 wraiths
  2 wyverns (D:5)
  2 steam dragons
  Menkaure (D:7)
  2 acid dragons
  A water moccasin (D:8)
  2 orc warriors
  2 sky beasts (D:8)
  4 ice beasts
  An ogre (D:5)
  3 phantoms
  2 centaurs
  2 kobold brigands (D:9)
  3 bullfrogs
  A necrophage (D:4)
  A scorpion (D:6)
  A wight (D:5)
  3 killer bees (D:9)
  4 howler monkeys
  5 hounds
  Crazy Yiuf (D:7)
  4 orc priests
  3 jellies
  2 gnoll boudas
  4 iguanas
  10 orc wizards
  3 gnolls (D:4)
  5 adders
  2 shadow imps
  A white imp (D:4)
  4 ufetubi
  4 worms (D:4)
  4 dart slugs
  43 orcs
  3 ball pythons
  2 bats
  6 endoplasms
  2 giant cockroaches
  3 goblins
  9 hobgoblins
  4 quokkas
  2 frilled lizards
  15 kobolds
  An orc zombie (D:7)
  4 rats
199 creatures vanquished.

Vanquished Creatures (collateral kills)
  5 two-headed ogres
  2 orc warriors
  3 killer bees (D:9)
  A howler monkey (D:10)
  4 orcs (D:9)
15 creatures vanquished.

Vanquished Creatures (others)
  A yak zombie (D:10)
  A bullfrog zombie (D:9)
  3 killer bee zombies (D:9)
  4 howler monkey zombies
  3 kobold zombies (D:9)
  14 orc zombies
  3 demonic plants (D:4)
29 creatures vanquished.

Grand Total: 243 creatures vanquished

Notes
Turn   | Place    | Note
-------+----------+-------------------------------------------
     0 | D:1      | Newt the Kobold Hunter began the quest for the Orb.
     0 | D:1      | Reached XP level 1. HP: 12/12 MP: 1/1
   147 | D:1      | Reached XP level 2. HP: 17/17 MP: 2/2
   184 | D:1      | Reached skill level 6 in Ranged Weapons
   459 | D:1      | Reached XP level 3. HP: 21/21 MP: 3/3
   930 | D:2      | Found a faded altar of an unknown god.
   936 | D:2      | Got Plato's Directory of the Caves
  1013 | D:2      | Reached skill level 7 in Ranged Weapons
  1343 | D:2      | Reached XP level 4. HP: 26/26 MP: 4/4
  1746 | D:3      | Found a hide-covered altar of Uskayaw.
  1908 | D:4      | Reached XP level 5. HP: 22/30 MP: 5/5
  1910 | D:4      | Reached skill level 8 in Ranged Weapons
  2226 | D:4      | Found Doofeyla's Book Boutique.
  2240 | D:4      | Reached XP level 6. HP: 35/35 MP: 6/6
  2432 | D:4      | Found a staircase to the Ecumenical Temple.
  2717 | D:4      | HP: 1/35 [gnoll bouda/+0 whip (14)]
  2890 | D:4      | Reached skill level 5 in Dodging
  3382 | D:5      | Entered Level 5 of the Dungeon
  3389 | D:5      | Reached XP level 7. HP: 43/43 MP: 7/7
  3451 | D:5      | Noticed a wyvern
  3455 | D:5      | Killed a wyvern
  3514 | D:5      | Reached skill level 5 in Stealth
  3539 | D:5      | Reached skill level 1 in Evocations
  3694 | D:5      | Reached XP level 8. HP: 39/48 MP: 8/8
  3754 | D:5      | Reached skill level 5 in Evocations
  3806 | D:5      | Reached skill level 1 in Armour
  4081 | D:5      | Noticed a wyvern
  4091 | D:5      | Killed a wyvern
  4356 | D:6      | Identified the +4 cloak "Woodiys" {Contam rF+ Stlth+}
  4516 | D:6      | Reached skill level 9 in Ranged Weapons
  4516 | D:6      | Reached XP level 9. HP: 48/52 MP: 9/9
  4666 | D:6      | Noticed Sigmund
  4683 | D:6      | Killed Sigmund
  4706 | D:6      | Reached skill level 10 in Ranged Weapons
  4991 | D:6      | Found a basalt altar of Yredelemnul.
  5236 | D:6      | Became a worshipper of Yredelemnul the Dark
  5342 | D:6      | Reached skill level 5 in Fighting
  5694 | D:7      | Reached * piety under Yredelemnul
  6098 | D:7      | Found a runed translucent door.
  6101 | D:7      | Noticed Crazy Yiuf
  6104 | D:7      | Killed Crazy Yiuf
  6329 | D:7      | Noticed Prince Ribbit
  6333 | D:7      | Killed Prince Ribbit
  6334 | D:7      | Reached XP level 10. HP: 60/60 MP: 10/10
  6336 | D:7      | Reached ** piety under Yredelemnul
  6343 | D:7      | Noticed Menkaure
  6347 | D:7      | Killed Menkaure
  6366 | D:7      | Noticed Maggie
  6378 | D:7      | Killed Maggie
  6969 | D:8      | Noticed Joseph
  6973 | D:8      | Reached skill level 10 in Dodging
  6994 | D:8      | Killed Joseph
  6995 | D:8      | Reached skill level 11 in Ranged Weapons
  7776 | D:9      | Reached skill level 12 in Ranged Weapons
  8011 | D:9      | Reached skill level 1 in Invocations
  8044 | D:9      | Reached *** piety under Yredelemnul
  8243 | D:9      | Noticed a two-headed ogre
  8248 | D:9      | Killed a two-headed ogre
  8249 | D:9      | Reached XP level 11. HP: 64/64 MP: 11/14
  8388 | D:9      | Found a staircase to the Orcish Mines.
  8555 | D:10     | Entered Level 10 of the Dungeon
  8593 | D:10     | Noticed a centaur warrior
  8609 | D:10     | Killed a centaur warrior
  8740 | D:10     | Found a transporter.
  8744 | D:10     | Found a transporter.
  8749 | D:10     | Noticed a two-headed ogre
  8749 | D:10     | Noticed sammy202020's ghost (journeyman DsBe)
  8966 | D:10     | Reached skill level 13 in Ranged Weapons
  9309 | D:10     | Noticed a two-headed ogre
  9314 | D:10     | Noticed a two-headed ogre
  9326 | D:10     | Noticed a two-headed ogre
  9340 | D:10     | Killed a two-headed ogre
  9341 | D:10     | Killed a two-headed ogre
  9342 | D:10     | Reached skill level 14 in Ranged Weapons
  9346 | D:10     | Killed a two-headed ogre
  9352 | D:10     | Killed a two-headed ogre
  9759 | D:11     | Noticed a boulder beetle
  9764 | D:11     | Noticed a cyclops
  9764 | D:11     | Noticed a purple ugly thing
  9765 | D:11     | Noticed a sixfirhy
  9766 | D:11     | You fall into a shaft and drop 2 floors!
 10095 | D:13     | Noticed a skeletal warrior
 10247 | D:13     | Identified a scroll of acquirement
 10247 | D:13     | Acquired a +3 triple crossbow
 10272 | D:13     | Demolished by a titanic slime creature

Illustrated notes

Levels and vault maps discovered:
D:1:      spicycebolla_arrival_xxxplode, layout_loops_ring,
          kennysheep_flooded_box, minmay_tetromino_i2
D:2:      layout_basic, shapermc_ecumenical_altar_rom_forum
D:3:      layout_basic, eat_drink_and_be_merry_uskayaw, nrook_campfire,
          hangedman_decor_growths, st_stairs_8
D:4:      layout_basic, minmay_temple_entry_from_below_a, serial_shops, shop,
          serial_demonic, serial_demonic_g, serial_demonic_e, serial_demonic_e,
          serial_demonic_a, corner_web_ring, amcnicky_mini_corridor_feature,
          nicolae_wormholes
D:5:      layout_rooms, hangedman_glass_teeth, minmay_small_thing
D:6:      layout_rooms, lemuel_coloured_pillars_altar, uniq_sigmund
D:7:      layout_loops_ring, minivault_26, hex_medium,
          kennysheep_generic_room_2, uniq_maggie, uniq_prince_ribbit1,
          uniq_crazy_yiuf_cottage, uniq_menkaure
D:8:      layout_loops_corners, minmay_misc_feat_room, uniq_joseph
D:9:      layout_roguey, hiddenorc1_lemuel
D:10:     layout_roguey, gammafunk_ghost_smash
D:11:     layout_loops_ring, hellmonk_lair_entry_icy, minmay_pinched_square,
          uniq_nergalle, uniq_josephine
D:13:     layout_basic, david_vaults_1, cheibriados_altar_1

Skill      XL: |  1  2  3  4  5  6  7  8  9 10 11 |
---------------+----------------------------------+-----
Ranged Weapons | 6 7 8 9 10 12 14 | 14.0
Dodging        | 4 5 8 10 | 10.6
Fighting       | 4 6 8 |  8.0
Stealth        | 5 8 |  8.0
Evocations     | 4 5 |  5.0
Armour         | 4 |  4.0
Invocations    | 4 6 |  6.0

Action                   |  1- 3 |  4- 6 |  7- 9 | 10-12 || total
-------------------------+-------+-------+-------+-------++-------
Melee: Unarmed           |       |     1 |       |       ||     1
 Fire: Shortbow          |    75 |   108 |   239 |   409 ||   831
       Triple crossbow   |       |       |       |    11 ||    11
Throw: Dart              |       |     5 |       |       ||     5
Invok: Dark Bargain      |       |       |       |     3 ||     3
Evoke: Wand              |       |     1 |     1 |     2 ||     4
  Use: Scroll            |     3 |     1 |     9 |     9 ||    22
       Potion            |       |     2 |       |     5 ||     7
Armor: Leather armour    |     7 |     4 |    25 |       ||    36
       Steam dragon scal |       |       |    26 |    77 ||   103
Dodge: Dodged            |    17 |    33 |   151 |   346 ||   547

Table legend: (Time is in decaauts)
 A = Elapsed time spent in this place.
 B = Non-inter-level travel time spent in this place.
 C = Inter-level travel time spent in this place.
 D = Time resting spent in this place.
 E = Time spent auto-exploring this place.
 F = Levels seen in this place.
 G = Mean time per level.
                   A        B        C        D        E       F      G
               +--------+--------+--------+--------+--------+-----+--------+
         Total |  10279 |   9760 |    519 |   1346 |   6763 |  12 |  856.6 |
       Dungeon |  10279 |   9760 |    519 |   1346 |   6763 |  12 |  856.6 |
               +--------+--------+--------+--------+--------+-----+--------+

Top non-repeatable levels by time:
     D:4: 1539 daAuts
     D:6: 1363 daAuts
    D:10: 1185 daAuts
     D:8: 1043 daAuts
     D:7: 994 daAuts
     D:5: 908 daAuts
     D:1: 818 daAuts
     D:9: 816 daAuts
     D:3: 558 daAuts
     D:2: 539 daAuts
    D:13: 505 daAuts
    D:11: 6 daAuts
